 Dungeon Crawl Stone Soup version 0.23.2-33-g5129a83184 (webtiles) character file.

Game seed: 4453589394207376041

70 ANON1729 the Skirmisher (level 4, 3/35 HPs)
             Began as a Demonspawn Monk on Aug 11, 2019.
             Quit the game on level 2 of the Dungeon.
             The game lasted 00:01:54 (919 turns).

ANON1729 the Skirmisher (Demonspawn Monk)            Turns: 919, Time: 00:01:55

Health: 3/35       AC:  2    Str: 11    XL:     4   Next: 4%
Magic:  4/4        EV: 14    Int: 12    God:
Gold:   68         SH:  0    Dex: 16    Spells: 3/3 levels left

rFire    . . .     SeeInvis .   a - +0 spear
rCold    . . .     Gourm    .   (no shield)
rNeg     . . .     Faith    .   b - +0 robe
rPois    .         Spirit   .   (no helmet)
rElec    .         Reflect  .   (no cloak)
rCorr    .         Harm     .   (no gloves)
MR       .....                  (no boots)
Stlth    ++........             (no amulet)
HPRegen  0.11/turn              (no ring)
MPRegen  0.09/turn              (no ring)

@: hasted, very quick
A: hooves 2, demonic guardian 1
a: no special abilities


You were on level 2 of the Dungeon.
You were not hungry.

You visited 1 branch of the dungeon, and saw 2 of its levels.

You collected 68 gold pieces.

Inventory:

Hand Weapons
 a - a +0 spear (weapon)
Armour
 b - a +0 robe (worn)
Scrolls
 d - 2 scrolls of amnesia {unknown}
 f - 2 scrolls of teleportation {unknown}
 h - a scroll of magic mapping {unknown}
 i - a scroll of remove curse {unknown}
 j - a scroll of enchant weapon {unknown}
 k - a scroll of identify {unknown}
 n - a scroll of enchant armour {unknown}
Potions
 g - a potion of might {unknown}
 l - a potion of heal wounds {unknown}
 m - a potion of brilliance {unknown}
Comestibles
 c - a ration


   Skills:
 + Level 3.5 Fighting
 + Level 3.2 Polearms
 + Level 3.2 Dodging
 + Level 2.5 Stealth


You had 3 spell levels left.
You didn't know any spells.
Your spell library was empty.

Dungeon Overview and Level Annotations

Branches:
Dungeon (2/15)

Altars:


Innate Abilities, Weirdness & Mutations

You have hoof-like feet.
A weak demonic guardian rushes to your aid.


Message History

The ooze is heavily wounded.
Attack whom?
Press: ? - help, Dir - move target cursor, f/p - ooze
Aim: an ooze (heavily wounded)
You reach to attack!
You barely miss the ooze.
The ooze is heavily wounded.
Attack whom?
Press: ? - help, Dir - move target cursor, f/p - ooze
Aim: an ooze (heavily wounded)
You reach to attack!
You hit the ooze.
The ooze is almost dead.
Attack whom?
Press: ? - help, Dir - move target cursor, f/p - ooze
Aim: an ooze (almost dead)
You reach to attack!
You hit the ooze.
You kill the ooze!
You have reached level 4!
You feel agile.
Your demonic ancestry asserts itself...
You feel the presence of a demonic guardian.
Are you sure you want to abandon this character and quit the game? (Confirm with "yes".)

#...###......# ..#
#.......###### #.#
#....##.##############..#
#..................#...#
#...#.###########....########.#
#.....# #...[..)....... #....##
###.########..... ####.#
#####...# ... #..# ##....@### .
##.######..##### ###..#......##
.......###### .......# ......##
......# ....).# ##...#.


There were no monsters in sight!

Vanquished Creatures
  Terence (D:2)
  A gnoll (D:1)
  An ooze (D:2)
  A worm (D:2)
  A leopard gecko (D:2)
  7 bats (D:1)
  A giant cockroach (D:1)
  A goblin (D:1)
  4 hobgoblins
  4 frilled lizards (D:1)
  4 kobolds (D:1)
  5 rats
31 creatures vanquished.

Notes
Turn   | Place    | Note
-------+----------+-------------------------------------------
     0 | D:1      | ANON1729 the Demonspawn Monk began the quest for the Orb.
     0 | D:1      | Reached XP level 1. HP: 18/18 MP: 1/1
    51 | D:1      | Gained mutation: You have large cloven feet. [demonic
                  | ancestry]
    51 | D:1      | Reached XP level 2. HP: 8/24 MP: 2/2
   381 | D:1      | Gained mutation: You have hoof-like feet. [demonic
                  | ancestry]
   381 | D:1      | Reached XP level 3. HP: 29/29 MP: 3/3
   882 | D:2      | Noticed Terence
   901 | D:2      | Killed Terence
   905 | D:2      | HP: 1/29 [ooze (4)]
   918 | D:2      | Gained mutation: A weak demonic guardian rushes to your
                  | aid. [demonic ancestry]
   918 | D:2      | Reached XP level 4. HP: 3/35 MP: 4/4
   919 | D:2      | Quit the game

Skill      XL: |  1  2 |
---------------+-------+-----
Stealth        | 2 |  2.5
Polearms       | 3 |  3.2
Dodging        | 3 |  3.2
Fighting       | |  3.5

Action                   |  1- 3 |  4- 6 || total
-------------------------+-------+-------++-------
Melee: Spear             |   118 |       ||   118
       Kick              |    19 |       ||    19
  Use: Potion            |     1 |       ||     1
 Stab: Sleeping          |     5 |       ||     5
Armor: Robe              |    13 |       ||    13
Dodge: Dodged            |    65 |       ||    65
